 Dungeon Crawl Stone Soup version 0.30-a0-269-gf0224bf7b6 (webtiles) character file.

Game seed: 3504162093623496908

15 ReploidZero the Shooter (level 2, -11/18 HPs)
             Began as a Tengu Hunter on Oct 14, 2022.
             Killed from afar by a ynoxinul (19 damage)
             ... with an iron shot
             ... created by the fury of Makhleb
             ... on level 1 of the Dungeon.
             The game lasted 00:02:16 (366 turns).

ReploidZero the Shooter (Tengu Hunter)               Turns: 366, Time: 00:02:17

Health: -11/18     AC:  3    Str: 11    XL:     2   Next: 50%
Magic:  3/3        EV: 12    Int:  9    God:
Gold:   25         SH:  0    Dex: 17    Spells: 1/1 levels left

rFire   . . .      SeeInvis .    a - +0 shortbow (vorpal)
rCold   . . .      Faith    .    (shield currently unavailable)
rNeg    . . .      Spirit   .    c - +0 leather armour
rPois   .          Reflect  .    (helmet restricted)
rElec   .          Harm     .    (no cloak)
rCorr   .          Rampage  .    (no gloves)
Will    .....                    (boots unavailable)
Stlth   ++........               (no amulet)
HPRegen 0.23/turn                (no ring)
MPRegen 0.08/turn                (no ring)

@: about to teleport
A: beak, talons 3
a: no special abilities


You were on level 1 of the Dungeon.
You visited 1 branch of the dungeon, and saw 1 of its levels.

You collected 25 gold pieces.

Inventory:

Hand Weapons
 a - a +0 vorpal shortbow (weapon)
Armour
 c - a +0 leather armour (worn)
Scrolls
 b - a scroll of immolation
 f - 4 scrolls of identify {unknown}
Potions
 d - a potion of curing {unknown}
 h - a potion of mutation {unknown}


   Skills:
 + Level 2.3 Fighting
 + Level 4.6 Ranged Weapons
 + Level 2.6 Dodging
 - Level 1.0 Stealth


You had one spell level left.
You didn't know any spells.
Your spell library was empty.

Dungeon Overview and Level Annotations

Branches:
Dungeon (1/15)

Altars:
Makhleb


Innate Abilities, Weirdness & Mutations

You have a beak for a mouth.
You have claws for feet.


Message History

The arrow hits the frilled lizard but does no damage.
You shoot an arrow.
The arrow hits the frilled lizard but does no damage.
You shoot an arrow.
The arrow closely misses the frilled lizard.
The frilled lizard bites you but does no damage.
You shoot an arrow. The arrow hits the frilled lizard.
You kill the frilled lizard!
No target in view!
No target in view!
No target in view!
A ball python comes into view.
A ball python is nearby!
A ball python is nearby!
You shoot an arrow. The arrow hits the ball python.
You kill the ball python!
No target in view!
No target in view!
No target in view!
You are not religious.
Makhleb sends a minion to punish you.
A ynoxinul comes into view.
You see here a ball python corpse.
A ynoxinul is nearby!
A ynoxinul is nearby!
As you read the scroll labelled PECIHEFYSO, it crumbles to dust.
It is a scroll of brand weapon.
Your +0 shortbow emits a brilliant flash of light!
a - a +0 vorpal shortbow (weapon)
Unknown command.
As you read the scroll labelled TASOIFF YMUNI, it crumbles to dust.
You feel strangely unstable.
It was a scroll of teleportation.
The ynoxinul hits you!
Ouch! That really hurt!
Unknown command.
A bat comes into view.
The ynoxinul gestures at you. The iron shot hits you!!
Ouch! That really hurt!
You die...

...#####.#
.......... ...
.#.#####.. ...
.#.# #.# .#.# #b#
.#.### #.# .#...#
.######.# .###.#
........#
.....###########@#
..............3†.#
.#################
##


You could see a ynoxinul and a bat.

Vanquished Creatures
  An endoplasm (D:1)
  3 goblins (D:1)
  3 hobgoblins (D:1)
  A quokka (D:1)
  2 ball pythons (D:1)
  A bat (D:1)
  2 frilled lizards (D:1)
  A kobold (D:1)
  A rat (D:1)
15 creatures vanquished.

Notes
Turn   | Place    | Note
-------+----------+-------------------------------------------
     0 | D:1      | ReploidZero the Tengu Hunter began the quest for the Orb.
     0 | D:1      | Reached XP level 1. HP: 12/12 MP: 2/2
   163 | D:1      | Reached XP level 2. HP: 17/17 MP: 3/3
   212 | D:1      | Found a faded altar of an unknown god.
   222 | D:1      | Prayed at the altar of an unknown god.
   222 | D:1      | Became a worshipper of Makhleb the Destroyer
   222 | D:1      | Reached * piety under Makhleb
   223 | D:1      | Fell from the grace of Makhleb
   364 | D:1      | Noticed a ynoxinul
   366 | D:1      | Killed from afar by a ynoxinul

Illustrated notes

Levels and vault maps discovered:
D:1:      dpeg_arrival_chambers_temple_mockup, layout_basic,
          hellmonk_ecumenical_altar_slurped_away, hangedman_decor_lopped,
          minivault_27

Action                   || total
-------------------------++-------
 Fire: Shortbow          ||    31
Invok: Renounce Religion ||     1
  Use: Scroll            ||     2
Armor: Leather armour    ||     1

Table legend: (Time is in decaauts)
 A = Elapsed time spent in this place.
 B = Non-inter-level travel time spent in this place.
 C = Inter-level travel time spent in this place.
 D = Time resting spent in this place.
 E = Time spent auto-exploring this place.
 F = Levels seen in this place.
 G = Mean time per level.
                   A        B        C        D        E       F      G
               +--------+--------+--------+--------+--------+-----+--------+
         Total |    375 |    375 |      0 |      0 |    299 |   1 |  375.0 |
       Dungeon |    375 |    375 |      0 |      0 |    299 |   1 |  375.0 |
               +--------+--------+--------+--------+--------+-----+--------+

Top non-repeatable levels by time:
     D:1: 375 daAuts
